 Dungeon Crawl Stone Soup version 0.25-a0-589-g1e14c549ee (webtiles) character file.

Game seed: 3328804814633690528, levelgen mode: deterministic

10392 Kohma the Slicer (level 11, -17/85 (86) HPs)
             Began as a Demonspawn Gladiator on Mar 11, 2020.
             Was a High Priest of Dithmenos.
             Demolished by a two-headed ogre
             ... wielding a +0 giant club
              (24 damage)
             ... on level 10 of the Dungeon.
             The game lasted 00:36:37 (11921 turns).

Kohma the Slicer (Demonspawn Gladiator)            Turns: 11921, Time: 00:36:38

HP:   -17/85 (86)   AC:  9    Str: 16    XL:     11   Next: 35%
MP:   15/15         EV: 16    Int: 11    God:    Dithmenos [*****.]
Gold: 487           SH:  6    Dex: 19    Spells: 7/16 levels left

rFire    . . .     SeeInvis .   b - +2 dagger (venom)
rCold    . . .     Gourm    +   k - +0 buckler
rNeg     . . .     Faith    .   t - +1 ring mail "Mauf" {Dex+4}
rPois    .         Spirit   .   o - +2 helmet
rElec    .         Reflect  .   a - scarf {cloud immunity}
rCorr    .         Harm     .   (no gloves)
MR       .....                  (no boots)
Stlth    ++++++++..             v - amulet of the gourmand
HPRegen  0.24/turn              e - ring of wizardry
MPRegen  0.14/turn              s - +2 ring of evasion

@: wreathed by umbra
A: claws 1, repulsion field 1, nightstalker 2, powered by death 1
a: Shadow Step, Shadow Form, Renounce Religion


You were on level 10 of the Dungeon.
You worshipped Dithmenos.
Dithmenos was extremely pleased with you.
You were very full.

You visited 2 branches of the dungeon, and saw 11 of its levels.
You also visited: Ossuary.

You collected 707 gold pieces.
You spent 220 gold pieces at shops.

Inventory:

Hand Weapons
 b - a +2 dagger of venom (weapon)
 q - a +0 rapier
 y - a +1 falchion of flaming
 z - a +2 dagger of protection
Missiles
 d - 6 throwing nets
 h - 64 bolts
 p - 55 poisoned darts (quivered)
Armour
 a - a scarf of cloud immunity (worn)
 k - a +0 buckler (worn)
 o - a +2 helmet (worn)
 t - the +1 ring mail "Mauf" (worn) {Dex+4}
   (You found it on level 4 of the Dungeon)

   It affects your dexterity (+4).
Magical Staves
 J - an uncursed staff of death {unknown}
Jewellery
 e - a ring of wizardry (left claw)
 s - a +2 ring of evasion (right claw)
 v - an amulet of the gourmand (around neck)
 w - an uncursed ring of protection from cold
 K - an uncursed ring of protection from fire
Wands
 m - a wand of flame (16)
 H - a wand of acid (9)
 M - a wand of disintegration (8)
Scrolls
 j - a scroll of fog
 n - a scroll of enchant weapon
 r - 3 scrolls of magic mapping
 x - 2 scrolls of teleportation
 A - a scroll of blinking
 D - 2 scrolls of remove curse
 E - a scroll of immolation
 G - a scroll of amnesia
 I - a scroll of enchant armour
Potions
 c - 2 potions of stabbing
 g - 6 potions of might
 i - 3 potions of curing
 l - 3 potions of haste
 u - a potion of brilliance {unknown}
 C - a potion of mutation
 F - a potion of magic
 L - 2 potions of lignification {unknown}
Miscellaneous
 N - a phantom mirror
Comestibles
 f - 21 rations


   Skills:
 + Level 8.0 Fighting
 - Level 9.8(10.1) Short Blades
 - Level 3.5(7.2) Long Blades
 - Level 1.7 Throwing
 - Level 3.6 Armour
 - Level 3.0 Dodging
 - Level 7.0 Stealth
 - Level 4.0 Shields
 - Level 3.0 Spellcasting
 - Level 5.0 Hexes
 * Level 0.2 Summonings
 - Level 3.0 Translocations
 * Level 0.1 Air Magic
 + Level 0.1 Invocations


You had 7 spell levels left.
You knew the following spells:

 Your Spells              Type           Power        Failure   Level  Hunger
a - Summon Lightning Spi  Summ/Air       #.......     83%         4    #####..
b - Blink                 Tloc           N/A          9%          2    ###....
c - Confusing Touch       Hex            ##......     8%          3    ###....

Your spell library contained the following spells:

 Spells                   Type           Power        Failure   Level  Hunger
 Slow                     Hex            ##......     3%          2    ###....
 Summon Small Mammal      Summ           #...         16%         1    #......
 Gell's Gravitas          Tloc           #.........   16%         3    ###....
 Magic Dart               Conj           #...         19%         1    #......
 Summon Guardian Golem    Hex/Summ       #.......     19%         3    ###....
 Call Imp                 Summ           #.......     26%         2    ###....
 Call Canine Familiar     Summ           #.......     43%         3    ###....
 Conjure Flame            Conj/Fire      #.......     45%         3    ###....
 Mephitic Cloud           Conj/Pois/Air  #.......     45%         3    ###....
 Summon Ice Beast         Ice/Summ       #.......     85%         4    #####..
 Petrify                  Tmut/Erth      #.......     86%         4    #####..
 Metabolic Englaciation   Hex/Ice        #.........   86%         5    ######.
 Yara's Violent Unravell  Hex/Tmut       #.........   86%         5    ######.


Dungeon Overview and Level Annotations

Branches:
Dungeon (10/15)            Temple (1/1) D:6            Lair (0/6) D:9
    Orc (0/2) D:9         Ossuary (visited)

Altars:
Ashenzari
Cheibriados
Dithmenos
Elyvilon
Fedhas
Gozag
Hepliaklqana
Kikubaaqudgha
Makhleb
Nemelex Xobeh
Okawaru
Qazlal
Ru
Trog
Uskayaw
Vehumet
Wu Jian
Xom
Yredelemnul
Zin
The Shining One

Shops:
D:7 :


Innate Abilities, Weirdness & Mutations

You have sharp fingernails.
You are surrounded by a mild repulsion field. (EV +2)
You are significantly more attuned to the shadows.
You regenerate a little health from kills.


Message History

You see here 24 stones.
The two-headed ogre barely misses you. x2
There is an open door here.
There is a stone staircase leading up here.
You climb upwards.
There is a stone staircase leading down here.
You start resting.
HP restored.
You climb downwards.
The two-headed ogre hits you with a +0 giant club!
The two-headed ogre hits you with a +0 giant club.
The two-headed ogre hits you with a +0 giant club!! x2
There is a stone staircase leading up, spattered with blood here.
You hit the two-headed ogre.
The two-headed ogre is poisoned.
The two-headed ogre is lightly wounded.
Your shadow hits the two-headed ogre but does no damage.
The two-headed ogre hits you with a +0 giant club!!
* * * LOW HITPOINT WARNING * * *
The two-headed ogre hits you with a +0 giant club!!
You die...

......<...... #.##
#######...... #.# #......
#.# ######...... #.#
#...........###########.##
#.........................
#.................########
#.....######'####.#.......
#.....#..@......#.#.......
#.....#.O.).....#.#.......
......#.........#.#.......
......#######'###.#'###>..
.......................####
..........................
..........................
..........................
..........#######.........


You could see a two-headed ogre.

Vanquished Creatures
  A hydra (D:8)
  2 two-headed ogres
  Pikel (D:8)
  Maurice (D:9)
  A gargoyle (D:9)
  A troll (D:9)
  A hippogriff (D:7)
  2 dream sheep (D:8)
  4 hungry ghosts
  6 yaks
  Duvessa (D:6)
  2 sky beasts
  A slave (D:8)
  3 orc warriors
  2 ice beasts
  3 ogres
  2 phantoms
  A necrophage (D:7)
  6 centaurs
  8 big kobolds
  A bullfrog (D:6)
  Dowan (D:6)
  A scorpion (D:9)
  3 troll zombies (D:9)
  3 jellies
  9 killer bees
  5 howler monkeys
  2 crimson imps
  2 centaur zombies (Ossuary)
  A quasit (D:7)
  5 hounds
  2 human zombies (Ossuary)
  A gnoll shaman (D:9)
  9 orc wizards
  8 orc priests
  A bullfrog skeleton (D:4)
  2 centaur skeletons
  Jessica (D:1)
  4 iguanas
  7 worker ants
  4 ogre zombies (D:9)
  3 big kobold zombies (Ossuary)
  2 hound zombies
  A hound skeleton (D:4)
  3 mummies (Ossuary)
  2 worker ant zombies
  Robin (D:4)
  22 gnolls
  10 adders
  An ooze (D:2)
  An adder skeleton (D:7)
  6 adder zombies
  2 worms
  A dart slug (D:1)
  5 leopard geckos
  25 orcs
  A ball python (D:3)
  9 bats
  A giant cockroach (D:4)
  11 goblins
  17 hobgoblins
  14 jackals
  23 kobolds
  4 quokkas
  2 frilled lizards
  2 goblin skeletons (D:9)
  4 goblin zombies
  2 hobgoblin skeletons (D:9)
  4 hobgoblin zombies
  2 jackal zombies (Ossuary)
  3 kobold zombies (Ossuary)
  A leopard gecko skeleton (D:8)
  An orc skeleton (D:9)
  15 orc zombies
  A quokka skeleton (D:4)
  5 quokka zombies (Ossuary)
  9 rats
  4 rat zombies (Ossuary)
341 creatures vanquished.

Vanquished Creatures (others)
  An adder skeleton (D:9)
  2 jackals (D:8)
  3 orc zombies (D:9)
  2 plants (D:9)
8 creatures vanquished.

Grand Total: 349 creatures vanquished

Notes
Turn   | Place    | Note
-------+----------+-------------------------------------------
     0 | D:1      | Kohma the Demonspawn Gladiator began the quest for the Orb.
     0 | D:1      | Reached XP level 1. HP: 16/16 MP: 1/1
     2 | D:1      | You fall into a shaft and drop 1 floor!
    46 | D:2      | Gained mutation: You are surrounded by a mild repulsion
                  | field. (EV +2) [demonic ancestry]
    46 | D:2      | Reached XP level 2. HP: 15/23 MP: 2/2
   268 | D:2      | Noticed Jessica
   280 | D:1      | Killed Jessica
   280 | D:1      | Reached XP level 3. HP: 5/28 MP: 3/3
   974 | D:1      | Gained mutation: You are slightly more attuned to the
                  | shadows. [demonic ancestry]
   974 | D:1      | Reached XP level 4. HP: 35/35 MP: 4/4
  1513 | D:2      | Reached skill level 1 in Shields
  1909 | D:2      | Found a hide-covered altar of Uskayaw.
  2462 | D:3      | Reached XP level 5. HP: 35/41 MP: 5/5
  2568 | D:2      | Reached skill level 1 in Short Blades
  3069 | D:5      | Entered Level 5 of the Dungeon
  3361 | D:4      | Reached XP level 6. HP: 36/48 MP: 6/6
  3456 | D:4      | Found a sand-covered staircase.
  3464 | Ossuary  | Entered an ossuary
  3614 | Ossuary  | Reached skill level 2 in Short Blades
  4172 | Ossuary  | Reached XP level 7. HP: 50/54 MP: 7/7
  4367 | Ossuary  | Reached skill level 3 in Short Blades
  4462 | D:5      | Found a shattered altar of Ashenzari.
  4583 | D:5      | Found a glowing silver altar of Zin.
  4583 | D:5      | Found a bloodstained altar of Trog.
  4673 | D:5      | Reached skill level 1 in Stealth
  4852 | D:6      | Reached skill level 4 in Short Blades
  4855 | D:6      | Found a sacrificial altar of Ru.
  4924 | D:6      | Found a staircase to the Ecumenical Temple.
  4932 | Temple   | Entered the Ecumenical Temple
  4941 | Temple   | Became a worshipper of Dithmenos the Shadowed
  5182 | D:4      | Got an ancient ring mail
  5193 | D:4      | Identified the cursed +1 ring mail "Mauf" {Dex+4} (You
                  | found it on level 4 of the Dungeon)
  5392 | D:4      | Reached skill level 5 in Short Blades
  5525 | D:4      | Reached * piety under Dithmenos
  5525 | D:4      | Gained mutation: You are significantly more attuned to the
                  | shadows. [demonic ancestry]
  5525 | D:4      | Reached XP level 8. HP: 60/60 MP: 8/8
  5552 | D:4      | Noticed Robin
  5558 | D:4      | Killed Robin
  6115 | D:5      | Reached skill level 6 in Short Blades
  7040 | D:6      | Found a hazy altar of Hepliaklqana.
  7064 | D:6      | Reached skill level 7 in Short Blades
  7090 | D:6      | Reached ** piety under Dithmenos
  7160 | D:6      | Noticed Duvessa
  7161 | D:6      | Noticed Dowan
  7194 | D:6      | Killed Duvessa
  7225 | D:6      | Killed Dowan
  7245 | D:6      | Learned a level 4 spell: Summon Lightning Spire
  7274 | D:6      | Reached XP level 9. HP: 65/65 MP: 9/9
  7603 | D:7      | Learned a level 2 spell: Blink
  7616 | D:7      | Reached skill level 5 in Stealth
  7692 | D:7      | Noticed a two-headed ogre
  7696 | D:7      | Killed a two-headed ogre
  7696 | D:7      | Reached skill level 8 in Short Blades
  7719 | D:7      | Found Gilalopt's Book Boutique.
  7722 | D:7      | Bought a book of Misfortune for 220 gold pieces
  8139 | D:7      | Reached skill level 9 in Short Blades
  8418 | D:8      | Noticed a two-headed ogre
  8423 | D:8      | Killed a two-headed ogre
  8423 | D:8      | Gained mutation: You have sharp fingernails. [demonic
                  | ancestry]
  8423 | D:8      | Reached XP level 10. HP: 60/70 MP: 10/10
  8635 | D:8      | Reached skill level 1 in Spellcasting
  8635 | D:8      | Reached skill level 1 in Translocations
  8672 | D:8      | Reached *** piety under Dithmenos
  8999 | D:8      | Noticed a three-headed hydra
  9003 | D:8      | Killed a three-headed hydra
  9003 | D:8      | Reached skill level 5 in Fighting
  9092 | D:8      | Reached skill level 1 in Armour
  9098 | D:8      | Learned a level 3 spell: Confusing Touch
  9111 | D:8      | Noticed Pikel
  9161 | D:8      | Killed Pikel
  9161 | D:8      | Reached skill level 1 in Hexes
  9256 | D:8      | You fall into a shaft and drop 2 floors!
  9256 | D:10     | Entered Level 10 of the Dungeon
  9445 | D:9      | Found a staircase to the Lair.
  9445 | D:9      | Noticed a gargoyle
  9482 | D:9      | Killed a gargoyle
  9890 | D:9      | Found a stormy altar of Qazlal.
  9966 | D:9      | Reached **** piety under Dithmenos
  9986 | D:9      | Gained mutation: You regenerate a little health from kills.
                  | [demonic ancestry]
  9986 | D:9      | Reached XP level 11. HP: 82/82 MP: 10/15
  9994 | D:9      | Found a staircase to the Orcish Mines.
 10474 | D:9      | Reached ***** piety under Dithmenos
 10977 | D:9      | Found a sacrificial altar of Ru.
 11059 | D:9      | Noticed Maurice
 11065 | D:9      | Killed Maurice
 11065 | D:9      | Reached skill level 5 in Hexes
 11629 | D:10     | Noticed a two-headed ogre
 11921 | D:10     | Demolished by a two-headed ogre

Levels and vault maps discovered:
D:1:      psy_arrival_basics, layout_loops_ring
D:2:      layout_loops_cross, nicolae_overflow_crystal_walls, uniq_jessica
D:3:      layout_loops_cross, nrook_uturn
D:4:      layout_basic, first_ration, enter_ossuary_1, uniq_robin
D:5:      layout_loops_corners, lemuel_crystal_altar,
          gammafunk_temple_overflow_statue, minmay_misc_feat_tower,
          supply_closet_lemuel, minmay_starry_boxes
D:6:      layout_cave_pools, nicolae_ru_sacrificial_ziggurat,
          overflow_temple_1_default, temple_hall, corexii_shack, uniq_duvessa
D:7:      layout_basic, serial_shops, nicolae_shop_behind_doors
D:8:      layout_loops_ring, kennysheep_mini_moat, hangedman_ranch
          [blue_anna_fruit_fields], lemuel_oklob_altar, uniq_pikel
D:9:      kennysheep_housing_project, layout_loops_ring, grunt_qazlal_clouds,
          lair_entry_dummy, zombieorc2_lemuel, basic_altar, uniq_maurice
D:10:     layout_irregular_city, serial_shops, shop_statue
Temple:   eino_temple_lava

Skill      XL: |  1  2  3  4  5  6  7  8  9 10 11 |
---------------+----------------------------------+-----
Long Blades    | 3 |  3.5
Dodging        | 3 |  3.0
Fighting       | 3 4 6 8 |  8.0
Shields        | 1 2 4 |  4.0
Short Blades   | 1 2 5 7 9 |  9.8
Stealth        | 2 4 7 |  7.0
Spellcasting   | 3 |  3.0
Translocations | 3 |  3.0
Armour         | 3 |  3.6
Hexes          | 3 5 |  5.0
Throwing       | |  1.7
Summonings     | |  0.2
Air Magic      | |  0.1
Invocations    | |  0.1

Action                   |  1- 3 |  4- 6 |  7- 9 | 10-12 || total
-------------------------+-------+-------+-------+-------++-------
Melee: Long sword        |    73 |       |       |       ||    73
       Dagger            |       |   171 |   438 |   880 ||  1489
       Short sword       |       |   263 |    43 |       ||   306
Throw: Dart              |       |     3 |     7 |     1 ||    11
 Cast: Confusing Touch   |       |       |       |     7 ||     7
  Use: Scroll            |       |     6 |    12 |     3 ||    21
       Potion            |       |       |       |     1 ||     1
 Stab: Sleeping          |     1 |     5 |    33 |    26 ||    65
       Distracted        |       |     1 |     1 |     1 ||     3
       Confused          |       |       |       |     7 ||     7
  Eat: Chunk             |       |     7 |    31 |    18 ||    56
       Ration            |       |     1 |     1 |     1 ||     3
Armor: Leather armour    |    13 |       |       |       ||    13
       Ring mail         |    11 |   124 |    63 |    92 ||   290
Dodge: Dodged            |    74 |   264 |   199 |   306 ||   843
Block: Buckler           |    12 |    88 |    63 |   125 ||   288
       Rpst.: Long sword |    22 |       |       |       ||    22

Table legend:
 A = Non-vault XP
 B = Vault XP
 C = Vault XP percentage of total XP
 D = Non-vault monster count
 E = Vault monster count
 F = Vault count percentage of total count
                 A         B        C        D         E       F
            +---------+---------+-------+---------+---------+-------
      Total |    9104 |    5742 |  38.7 |     217 |     123 |  36.2
            +---------+---------+-------+---------+---------+-------
        D:1 |      43 |      37 |  46.2 |      25 |       1 |   3.8
        D:2 |      79 |       0 |   0.0 |      21 |       0 |   0.0
        D:3 |      83 |       0 |   0.0 |      19 |       0 |   0.0
        D:4 |     713 |      32 |   4.3 |      32 |      10 |  23.8
        D:5 |     681 |     151 |  18.1 |      20 |       4 |  16.7
        D:6 |     404 |     230 |  36.3 |      11 |       3 |  21.4
        D:7 |    1707 |       0 |   0.0 |      14 |       0 |   0.0
        D:8 |    1885 |    2801 |  59.8 |      19 |       9 |  32.1
        D:9 |    2647 |    2139 |  44.7 |      40 |      63 |  61.2
       D:10 |     862 |       0 |   0.0 |      16 |       0 |   0.0
    Ossuary |       0 |     352 | 100.0 |       0 |      33 | 100.0
            +---------+---------+-------+---------+---------+-------
